 Dungeon Crawl Stone Soup version 0.21.1-1-g345015f (webtiles) character file.

166 Kagorn the Chopper (level 5, -4/79 HPs)
             Began as a Troll Berserker on July 5, 2018.
             Was a Believer of Trog.
             Slain by Terence
             ... wielding a +5 short sword of electrocution
              (15 damage)
             ... on level 3 of the Dungeon.
             The game lasted 00:15:14 (2512 turns).

Kagorn the Chopper (Troll Berserker)                Turns: 2512, Time: 00:15:15

Health: -4/79      AC:  7    Str: 30    XL:     5   Next: 22%
Magic:  4/4        EV: 10    Int:  3    God:    Trog [**....]
Gold:   83         SH:  0    Dex: 10    Spells: 4/4 levels left

rFire    . . .     SeeInvis .   o - +1 hand axe (flame)
rCold    . . .     Gourm    +   (no shield)
rNeg     . . .     Faith    +   d - +0 robe
rPois    .         Spirit   .   n - +2 hat
rElec    .         Reflect  .   (no cloak)
rCorr    .         Harm     .   (gloves unavailable)
MR       ++...                  (boots unavailable)
Stlth    ..........             g - amulet of faith
HPRegen  1.63/turn              (no ring)
MPRegen  0.09/turn              (no ring)

@: berserking, regenerating, very quick
A: large, unfitting armour, claws 3, fast metabolism 3, gourmand, regeneration
1, shaggy fur 1, tough skin 2
a: Berserk, Trog's Hand, Burn Spellbooks, Renounce Religion


You were on level 3 of the Dungeon.
You worshipped Trog.
Trog was pleased with you.
You were not hungry.

You visited 1 branch of the dungeon, and saw 3 of its levels.

You collected 83 gold pieces.

Inventory:

Hand Weapons
 a - a +0 hand axe
 e - a cursed -2 dagger
 h - a +0 short sword of venom
 o - a +1 hand axe of flaming (weapon)
Armour
 d - a +0 robe (worn)
 n - a +2 hat (worn)
Magical Staves
 b - an uncursed staff of earth {unknown}
Jewellery
 g - an amulet of faith (around neck)
Wands
 p - a wand of flame (24)
Scrolls
 f - 3 scrolls of blinking
 i - 3 scrolls of teleportation
 j - a scroll of enchant weapon {unknown}
 k - a scroll of remove curse
 l - a scroll of magic mapping {unknown}
 m - a scroll of random uselessness {unknown}
Potions
 q - 2 potions of heal wounds {unknown}
Comestibles
 c - 4 rations


   Skills:
 * Level 3.2 Fighting
 * Level 3.4 Axes
 + Level 1.1 Armour
 + Level 2.8 Dodging
 + Level 1.0 Stealth


You had 4 spell levels left.
You didn't know any spells.

Dungeon Overview and Level Annotations

Branches:
Dungeon (3/15)

Altars:
Gozag
Trog
The Shining One

Annotations:
D:3 Terence


Innate Abilities, Weirdness & Mutations

You are too large for most types of armour.
You have claws for hands.
Your metabolism is lightning-fast.
You like to eat raw meat.
Your natural rate of healing is unusually fast.
You are covered in fur. (AC +1)
You have very tough skin. (AC +2)


Message History

Terence is lightly wounded.
You feel the effects of Trog's Hand fading.
Terence hits you with a short sword of electrocution.
* * * LOW HITPOINT WARNING * * *
Terence hits you with a short sword of electrocution.
* * * LOW HITPOINT WARNING * * *
You closely miss Terence.
Terence is lightly wounded.
Terence completely misses you.
You hit Terence but do no damage.
Terence is lightly wounded.
Terence looks scornfully at you.
Terence hits you with a short sword of electrocution.
* * * LOW HITPOINT WARNING * * *
A red film seems to cover your vision as you go berserk!
You feel yourself moving faster!
You feel mighty!
Terence hits you with a short sword of electrocution.
* * * LOW HITPOINT WARNING * * *
You are electrocuted!
You die...

########...........##........
................###.#.......#
######.#.#.#.#.## #.###.####
#.#...[...#####.###÷#
#.#.#..............÷##
##.........##.#.#....###
##.##.............#.(.#
#.##....###.#.#....#.#
.#..@@.........#.##.#
#....##########.##.#
#.#.######## #.##.#
#.#.....)..# #.##.#
#.########.# ##.##.. ....#
#.# #..###. #....# #.# #.##
#. ###..#####.###.## #.
#..##....##...###.


You could see Terence.

Vanquished Creatures
  The ghost of p0werm0de the Grave Robber, a weakling OpNe (D:3)
  Ijyb (D:3)
  A gnoll (D:1)
  2 adders
  An ooze (D:1)
  A dart slug (D:1)
  7 leopard geckos
  5 orcs (D:3)
  3 giant cockroaches (D:1)
  6 goblins
  5 hobgoblins
  12 kobolds
  3 ball pythons
  6 bats
  3 frilled lizards
  6 rats (D:1)
  5 bushes (D:1)
  8 plants (D:1)
76 creatures vanquished.

Notes
Turn   | Place    | Note
-------+----------+-------------------------------------------
     0 | D:1      | Kagorn the Troll Berserker began the quest for the Orb.
     0 | D:1      | Reached XP level 1. HP: 22/22 MP: 0/0
   107 | D:1      | Reached XP level 2. HP: 29/29 MP: 1/1
   248 | D:1      | Reached XP level 3. HP: 36/36 MP: 2/2
   609 | D:1      | Reached ** piety under Trog
  1600 | D:2      | Reached XP level 4. HP: 44/44 MP: 3/3
  1762 | D:2      | Found a bloodstained altar of Trog.
  2184 | D:3      | Noticed p0werm0de's ghost (weakling OpNe)
  2194 | D:3      | HP: 1/45 [p0werm0de's ghost/nerve-wracking pain (12)]
  2207 | D:3      | Killed p0werm0de's ghost
  2207 | D:3      | Reached skill level 1 in Armour
  2324 | D:3      | Found an opulent altar of Gozag.
  2336 | D:3      | Reached XP level 5. HP: 40/53 MP: 4/4
  2337 | D:3      | Found a glowing golden altar of the Shining One.
  2405 | D:3      | Noticed Ijyb
  2424 | D:3      | Killed Ijyb
  2424 | D:3      | Reached skill level 1 in Stealth
  2497 | D:3      | Noticed Terence
  2512 | D:3      | Slain by Terence

Skill      XL: |  1  2  3  4  5 |
---------------+----------------+-----
Axes           | 3 |  3.4
Fighting       | 3 |  3.2
Armour         | 1 |  1.1
Stealth        | 1 |  1.0
Dodging        | |  2.8

Action                   |  1- 3 |  4- 6 || total
-------------------------+-------+-------++-------
Melee: Hand axe          |   578 |    78 ||   656
Invok: Berserk           |       |     3 ||     3
       Trog's Hand       |       |     3 ||     3
  Use: Scroll            |     1 |     3 ||     4
       Potion            |       |     2 ||     2
  Eat: Chunk             |    15 |    11 ||    26
       Ration            |       |     1 ||     1
Armor: Animal skin       |    69 |     7 ||    76
       Robe              |       |    25 ||    25
Dodge: Dodged            |    91 |    36 ||   127
